 Dungeon Sprint DCSS version 0.28.0-53-g5a82cb258f (webtiles) character file.

Game seed: 4232740317925589453

1800000 Zeld the Acrobat (level 17, -29/155 HPs)
             Began as a Djinni Monk on June 5, 2022.
             Was a High Priest of Makhleb.
             Annihilated by a meat berserker
             ... wielding a +9 battleaxe
              (74 damage)
             ... in the Dungeon (Sprint VIII: "Arena of Blood").
             The game lasted 00:00:47 (18 turns).

Zeld the Acrobat (Djinni Monk)                        Turns: 18, Time: 00:00:47

Health: -29/155    AC:  2    Str: 16    XL:     17   Next: 62%
Gold:   0          EV: 29    Int: 13    God:    Makhleb [*****.] SH:  0 Dex: 17

rFire   + + .      SeeInvis .   g - +∞ Axe of Woe
rCold   x . .      Faith    .   (shield currently unavailable)
rNeg    . . .      Spirit   .   a - +0 robe
rPois   ∞          Reflect  .   (no helmet)
rElec   .          Harm     .   (no cloak)
rCorr   .          Rampage  .   (no gloves)
Will    +....      NoTele   +   (boots unavailable)
Stlth   ++........              (no amulet)
HPRegen 0.35/turn               (no ring)
MPRegen 0.00/turn               (no ring)

@: flying
A: sickness immunity, fire resistance 2, cold vulnerability 1, float, innate
caster, HP casting, extra vitality 1
a: Renounce Religion, Minor Destruction, Lesser Servant of Makhleb, Major
Destruction, Greater Servant of Makhleb


You were in the Dungeon.
You worshipped Makhleb.
Makhleb was extremely pleased with you.
You visited 1 branch

Inventory:

Hand Weapons
 g - the +∞ Axe of Woe (weapon)
   (You found it in the Dungeon)
Armour
 a - a +0 robe (worn)
Scrolls
 f - a scroll of blinking
Potions
 b - a potion of curing
 c - a potion of heal wounds
 d - a potion of haste
 e - a potion of berserk rage


   Skills:
 + Level 24.8 Fighting
 * Level 20.0 Axes
 + Level 26.1 Dodging
 - Level 1.5 Stealth
 - Level 3.0 Unarmed Combat
 * Level 18.1 Spellcasting
 * Level 22.5 Invocations


You had 22 spell levels left.
You knew the following spells:

 Your Spells              Type           Power      Damage    Failure   Level
a - Shock                 Conj/Air       100%       1d9       0%          1
b - Poisonous Vapours     Pois/Air       100%       N/A       0%          2
c - Spider Form           Tmut/Pois      56%        N/A       0%          3
d - Ignite Poison         Fire/Tmut/Pois 56%        N/A       0%          3
e - Summon Lightning Spi  Summ/Air       56%        N/A       1%          4
f - Lightning Bolt        Conj/Air       28%        1d44      1%          5
g - Summon Cactus Giant   Summ           28%        N/A       1%          6
h - Death Channel         Necr           28%        N/A       1%          6
Your spell library was empty.

Dungeon Overview and Level Annotations

Branches:
Dungeon (1/1)

Altars:
Makhleb


Innate Abilities, Weirdness & Mutations

You are immune to sickness and miasma.
You are immune to poison.
Your flesh is very heat resistant. (rF++)
You are vulnerable to cold. (rC-)
You float through the air rather than walking.
You learn spells naturally, not from books.
Your magical power is your life essence.
You have superior vitality. (+4 MHP)


Message History

Your Fighting skill increases to level 23!
Your Axes skill increases to level 18!
Your Dodging skill increases to level 25!
Your Spellcasting skill increases to level 17!
Your Invocations skill increases to level 21!
You have reached level 17!
The power to cast Death Channel wells up from within.
Spell assigned to 'h'.
Unknown command.
Unknown command.
You slice the bag of meat!!
You hew the bag of meat savagely.
You kill the bag of meat!
Makhleb accepts your kill.
You feel better.
You hit the bag of meat.
You slaughter the bag of meat joyfully.
You kill the bag of meat!
Makhleb accepts your kill.
You feel better.
You hit the bag of meat.
You butcher the bag of meat messily.
You kill the bag of meat!
Makhleb accepts your kill.
You feel better.
You hear a shout! x9
The meat berserker is struck by your cactus giant's spines.
The meat berserker hits your cactus giant with a +9 battleaxe!!!
You hear a shout! x5
Your Fighting skill increases to level 24!
Your Axes skill gained 2 levels and is now at level 20!
Your Dodging skill increases to level 26!
Your Spellcasting skill increases to level 18!
Your Invocations skill increases to level 22!
Unknown command.
Casting: Summon Cactus Giant (mildly dangerous; 1% risk of failure)
Confirm with . or Enter, or press ? or * to list all spells.
Your cactus giant disappears in a puff of smoke!
The meat berserker hits you with a +9 battleaxe!!!!
You hear a shout! x9
The bag of meat hits you with a +9 war axe!!
* * * LOW HITPOINT WARNING * * *
The meat berserker hits you with a +9 battleaxe!!!!
You die...

.. .. .. .. #.
.# #.. ..#
.###.. ..###.
......###......
......._)......
....#..o).#....
. #_.@O_# .
#..O).#
....._.C...
......###o.....
.###.. ..###.
#.. ..# #.o ..#
.. ..


You could see 2 meat berserkers, 2 bags of meat and a friendly cactus giant
(summoned).

Vanquished Creatures
  3 ogres (D)
  13 orcs (D)
16 creatures vanquished.

Notes
Turn   | Place    | Note
-------+----------+-------------------------------------------
     0 | D        | Found the +∞ Axe of Woe
     0 | D        | Zeld the Djinni Monk began the quest for the Orb.
     0 | D        | Reached XP level 1. HP: 20/20 MP: 0/0
     2 | D        | Noticed a bag of meat
     2 | D        | Noticed a bag of meat
     4 | D        | Became a worshipper of Makhleb the Destroyer
     4 | D        | Reached * piety under Makhleb
     4 | D        | Reached ** piety under Makhleb
     4 | D        | Noticed a bag of meat
     5 | D        | Killed a bag of meat
     5 | D        | Noticed a meat berserker
     5 | D        | Noticed a bag of meat
     6 | D        | Reached skill level 14 in Dodging
     6 | D        | Reached XP level 2. HP: 40/40 MP: 0/0
     6 | D        | Reached XP level 3. HP: 45/45 MP: 0/0
     6 | D        | Learned a level 1 spell: Shock
     6 | D        | Reached XP level 4. HP: 51/51 MP: 0/0
     6 | D        | Reached XP level 5. HP: 57/57 MP: 0/0
     6 | D        | Learned a level 2 spell: Poisonous Vapours
     6 | D        | Reached XP level 6. HP: 63/63 MP: 0/0
     6 | D        | Reached XP level 7. HP: 68/68 MP: 0/0
     6 | D        | Learned a level 3 spell: Spider Form
     6 | D        | Reached XP level 8. HP: 75/75 MP: 0/0
     6 | D        | Reached XP level 9. HP: 80/80 MP: 0/0
     6 | D        | Learned a level 3 spell: Ignite Poison
     6 | D        | Reached XP level 10. HP: 86/86 MP: 0/0
     6 | D        | Reached XP level 11. HP: 92/92 MP: 0/0
     6 | D        | Learned a level 4 spell: Summon Lightning Spire
     6 | D        | Noticed a bag of meat
     6 | D        | Noticed a bag of meat
     6 | D        | Noticed a bag of meat
     6 | D        | Noticed a bag of meat
     7 | D        | Noticed a bag of meat
     8 | D        | Noticed a bag of meat
     8 | D        | Noticed a bag of meat
     9 | D        | Killed a meat berserker
     9 | D        | Killed a bag of meat
     9 | D        | Noticed a meat berserker
    10 | D        | Reached skill level 18 in Dodging
    10 | D        | Reached skill level 15 in Invocations
    10 | D        | Reached XP level 12. HP: 71/106 MP: 0/0
    10 | D        | Reached XP level 13. HP: 75/112 MP: 0/0
    10 | D        | Learned a level 5 spell: Lightning Bolt
    10 | D        | Killed a bag of meat
    10 | D        | Reached *** piety under Makhleb
    10 | D        | Killed a bag of meat
    10 | D        | Killed a bag of meat
    10 | D        | Noticed a bag of meat
    10 | D        | Noticed a bag of meat
    10 | D        | Noticed a bag of meat
    11 | D        | Reached skill level 20 in Dodging
    11 | D        | Reached XP level 14. HP: 83/123 MP: 0/0
    11 | D        | Killed a bag of meat
    11 | D        | Reached **** piety under Makhleb
    11 | D        | Killed a bag of meat
    11 | D        | Noticed a meat berserker
    12 | D        | Reached skill level 15 in Axes
    12 | D        | Reached skill level 22 in Dodging
    12 | D        | Reached XP level 15. HP: 107/132 MP: 0/0
    12 | D        | Learned a level 6 spell: Summon Cactus Giant
    13 | D        | Reached skill level 23 in Dodging
    13 | D        | Reached skill level 15 in Spellcasting
    13 | D        | Reached XP level 16. HP: 142/142 MP: 0/0
    13 | D        | Noticed a meat berserker
    15 | D        | Killed a meat berserker
    15 | D        | Reached ***** piety under Makhleb
    16 | D        | Reached skill level 24 in Dodging
    16 | D        | Killed a meat berserker
    16 | D        | Noticed a meat berserker
    17 | D        | Reached skill level 25 in Dodging
    17 | D        | Reached XP level 17. HP: 79/152 MP: 0/0
    17 | D        | Learned a level 6 spell: Death Channel
    18 | D        | Reached skill level 26 in Dodging
    18 | D        | Annihilated by a meat berserker

Illustrated notes

Levels and vault maps discovered:
D:        meatsprint

Skill      XL: |  1  2  3  4  5  6  7  8  9 10 11 12 13 14 15 16 17 |
---------------+----------------------------------------------------+-----
Fighting       | 13 17 19 20 22 23 24 | 24.8
Axes           | 9 12 14 15 16 18 20 | 20.0
Dodging        | 14 18 20 22 23 25 26 | 26.1
Spellcasting   | 8 11 13 14 15 17 18 | 18.1
Invocations    | 11 15 17 18 19 21 22 | 22.5
Stealth        | |  1.5
Unarmed Combat | |  3.0

Action                   |  1- 3 |  4- 6 |  7- 9 | 10-12 | 13-15 | 16-18 || total
-------------------------+-------+-------+-------+-------+-------+-------++-------
Melee: Executioner's axe |     1 |       |       |     1 |     3 |     3 ||     8
 Cast: Poisonous Vapours |       |       |       |     1 |       |       ||     1
       Summon Cactus Gia |       |       |       |       |       |     3 ||     3
